 Dungeon Crawl Stone Soup version 0.25.1-2-g60ff931df9 (webtiles) character file.

Game seed: 1620182588027199288

20 Descartes the Shield-Bearer (level 3, -1/29 HPs)
             Began as a Formicid Fighter on Aug 4, 2020.
             Slain by a gnoll (2 damage)
             ... on level 1 of the Dungeon.
             The game lasted 00:02:22 (759 turns).

Descartes the Shield-Bearer (Formicid Fighter)       Turns: 759, Time: 00:02:24

Health: -1/29      AC: 11    Str: 20    XL:     3   Next: 0%
Magic:  5/5        EV:  4    Int:  8    God:
Gold:   65         SH:  9    Dex: 10    Spells: 5/5 levels left

rFire    . . .     SeeInvis +   i - +2 dagger (distort)
rCold    . . .     Gourm    .   c - +0 kite shield
rNeg     . . .     Faith    .   q - +0 plate armour
rPois    .         Spirit   .   (helmet unavailable)
rElec    .         Reflect  .   (no cloak)
rCorr    .         Harm     .   (no gloves)
MR       .....                  (no boots)
Stlth    ..........             (no amulet)
HPRegen  0.09/turn              (no ring)
MPRegen  0.09/turn              (no ring)

@: no status effects
A: permanent stasis, dig shafts and tunnels, four strong arms, antennae 3
a: Dig, Shaft Self


You were on level 1 of the Dungeon.
You were not hungry.

You visited 1 branch of the dungeon, and saw 2 of its levels.

You collected 65 gold pieces.

Inventory:

Hand Weapons
 a - a +0 long sword
 i - a +2 dagger of distortion (weapon)
 j - a +1 dagger of holy wrath
Missiles
 e - 31 stones (quivered)
 o - 12 bolts
Armour
 b - a +0 scale mail
 c - a +0 kite shield (worn)
 p - a +0 chain mail
 q - a +0 plate armour (worn)
Scrolls
 g - 3 scrolls of remove curse {unknown}
 m - a scroll of noise {unknown}
Potions
 d - a potion of might
 h - a potion of resistance {unknown}
 k - a potion of degeneration {unknown}
 l - a potion of invisibility {unknown}
 n - a potion of mutation {unknown}
 r - a potion of lignification {unknown}
Comestibles
 f - a ration


   Skills:
 - Level 3.2 Fighting
 - Level 2.0 Long Blades
 - Level 3.2 Armour
 + Level 4.2 Shields
 + Level 1.5 Spellcasting


You had 5 spell levels left.
You didn't know any spells.
Your spell library was empty.

Dungeon Overview and Level Annotations

Branches:
Dungeon (2/15)

Altars:

Annotations:
D:2 Sigmund


Innate Abilities, Weirdness & Mutations

You cannot be hasted, slowed, berserked, paralysed or teleported.
You can dig through walls and to a lower floor.
Your four strong arms can wield two-handed weapons with a shield.
You have a pair of large antennae on your head. (SInv)


Message History

Sigmund says, "I'm your fate." The leopard gecko barely misses you.
The gnoll hits you but does no damage. The gnoll hits you.
You block the gnoll's attack.
There is a stone staircase leading up here.
The leopard gecko barely misses you. You block the gnoll's attack. x2
The leopard gecko bites you but does no damage.
The gnoll hits you from afar with a +0 halberd of distortion!
* * * LOW HITPOINT WARNING * * *
You climb upwards.
There is a stone staircase leading down here.
You hit the gnoll but do no damage. You block the gnoll's attack.
The leopard gecko bites you but does no damage.
The gnoll hits you but does no damage.
You closely miss the gnoll.
The leopard gecko hisses menacingly.
The leopard gecko barely misses you.
The gnoll hits you from afar with a +0 spear.
* * * LOW HITPOINT WARNING * * *
The gnoll hits you.
You die...

##.# #...# ## #..#
#.######P #.##
#...##PP. #.#
#.#≈[.P≈≈ #.#
#.≈≈PP≈≈♣ #.#
#PPP≈♣≈≈≈ #g#
#≈P≈≈≈≈♣P #l#
#P≈≈♣♣♣PP #@#
##PP≈≈≈≈♣P #g#
#.PPP≈≈≈♣P
#.#######...≈≈.≈≈♣
#..............PPP
##############.#≈P
#.### #.# # #.#
#.#


You could see 2 gnolls and a leopard gecko.

Vanquished Creatures
  An ooze (D:1)
  3 goblins (D:1)
  A hobgoblin (D:1)
  2 jackals (D:1)
  3 bats (D:1)
  A frilled lizard (D:2)
  3 kobolds (D:1)
  3 rats (D:1)
17 creatures vanquished.

Notes
Turn   | Place    | Note
-------+----------+-------------------------------------------
     0 | D:1      | Descartes the Formicid Fighter began the quest for the Orb.
     0 | D:1      | Reached XP level 1. HP: 18/18 MP: 1/1
   267 | D:1      | Reached XP level 2. HP: 24/24 MP: 3/3
   270 | D:1      | Reached skill level 4 in Shields
   270 | D:1      | Reached skill level 1 in Spellcasting
   743 | D:2      | Noticed Sigmund
   754 | D:2      | Reached XP level 3. HP: 14/29 MP: 5/5
   759 | D:1      | HP: 1/29 [gnoll/+0 spear (3)]
   759 | D:1      | Slain by a gnoll

Illustrated notes

Levels and vault maps discovered:
D:1:      dpeg_arrival_rhombi, layout_loops_ring, minmay_misc_feat_room,
          serial_bayou_lagoon_a, item_on_display_a
D:2:      layout_rooms, uniq_crazy_yiuf_cottage, uniq_sigmund

Skill      XL: |  1  2 |
---------------+-------+-----
Shields        | 4 |  4.2
Spellcasting   | 1 |  1.5
Fighting       | |  3.2
Long Blades    | |  2.0
Armour         | |  3.2

Action                   || total
-------------------------++-------
Melee: Long sword        ||    45
       Dagger            ||    11
 Abil: Dig               ||     1
Armor: Scale mail        ||    27
       Plate armour      ||    10
Dodge: Dodged            ||    21
Block: Kite shield       ||    33
       Rpst.: Long sword ||     4
